 Dungeon Crawl Stone Soup version 0.26-a0-188-ga22346179c (webtiles) character file.

Game seed: 5296766840645501470

23 Coward the Shooter (level 2, -2/24 HPs)
             Began as a Centaur Hunter on July 4, 2020.
             Slain by a hobgoblin
             ... wielding a +0 club
              (3 damage)
             ... on level 2 of the Dungeon.
             The game lasted 00:06:02 (693 turns).

Coward the Shooter (Centaur Hunter)                  Turns: 693, Time: 00:06:03

Health: -2/24      AC:  4    Str: 14    XL:     2   Next: 75%
Magic:  2/2        EV:  9    Int: 10    God:
Gold:   5          SH:  0    Dex:  9    Spells: 1/1 levels left

rFire    . . .     SeeInvis .   a - +1 shortbow
rCold    . . .     Faith    .   (shield currently unavailable)
rNeg     . . .     Spirit   .   c - +0 leather armour
rPois    .         Reflect  .   (no helmet)
rElec    .         Harm     .   (no cloak)
rCorr    .                      (no gloves)
MR       .....                  (no barding)
Stlth    +.........             (no amulet)
HPRegen  0.08/turn              (no ring)
MPRegen  0.08/turn              (no ring)

@: very quick
A: large, hooves 3, deformed body, speed 2, tough skin 3
a: no special abilities


You were on level 2 of the Dungeon.
You were not hungry.

You visited 1 branch of the dungeon, and saw 2 of its levels.

You collected 5 gold pieces.

Inventory:

Hand Weapons
 a - a +1 shortbow (weapon)
 b - a +0 short sword
Armour
 c - a +0 leather armour (worn)
 e - a +0 ring mail
Scrolls
 g - a scroll of enchant armour {unknown}
 i - a scroll of blinking {unknown}
 j - a scroll of teleportation {unknown}
Comestibles
 f - 2 rations
 h - 5 chunks of flesh


   Skills:
 + Level 2.1 Fighting
 * Level 6.3 Bows
 + Level 1.4 Dodging
 - Level 0.4 Stealth


You had one spell level left.
You didn't know any spells.
Your spell library was empty.

Dungeon Overview and Level Annotations

Branches:
Dungeon (2/15)

Altars:


Innate Abilities, Weirdness & Mutations

You have hooves in place of feet.
Armour fits poorly on your strangely shaped body.
You cover ground very quickly.
You have extremely tough skin. (AC +3)


Message History

The jackal bites you but does no damage.
You see here an arrow.
The hobgoblin barely misses you.
You closely miss the hobgoblin. Your kick misses the hobgoblin.
The jackal bites you but does no damage.
The hobgoblin hits you but does no damage.
The jackal closely misses you.
You closely miss the hobgoblin. Your kick misses the hobgoblin.
The hobgoblin hits you but does no damage.
The jackal bites you but does no damage. x2
The hobgoblin hits you with a +0 club.
* * * LOW HITPOINT WARNING * * *
You barely miss the hobgoblin. The jackal barely misses you.
The hobgoblin hits you with a +0 club.
* * * LOW HITPOINT WARNING * * *
The jackal barely misses you.
You clumsily bash the hobgoblin but do no damage.
The jackal bites you but does no damage.
The hobgoblin hits you with a +0 club.
You die...

#####<## #
####(.....#
###.####(((<#
#...g@hw.####
....#.######
. .. ##


You could see a worm, a jackal and a hobgoblin.

Vanquished Creatures
  2 leopard geckos (D:1)
  A giant cockroach (D:1)
  3 goblins (D:1)
  A hobgoblin (D:1)
  2 jackals (D:2)
  3 kobolds (D:1)
  4 bats
  3 frilled lizards
  2 rats (D:1)
21 creatures vanquished.

Notes
Turn   | Place    | Note
-------+----------+-------------------------------------------
     0 | D:1      | Coward the Centaur Hunter began the quest for the Orb.
     0 | D:1      | Reached XP level 1. HP: 17/17 MP: 1/1
     1 | D:1      | Noticed an electric eel
   415 | D:1      | Reached XP level 2. HP: 18/24 MP: 2/2
   509 | D:1      | Reached skill level 6 in Bows
   692 | D:2      | HP: 1/24 [hobgoblin/+0 club (1)]
   693 | D:2      | Slain by a hobgoblin

Illustrated notes

Levels and vault maps discovered:
D:1:      arrival_aquarium_a, layout_basic
D:2:      layout_rooms, uniq_natasha

Skill      XL: |  1  2 |
---------------+-------+-----
Bows           | 6 |  6.3
Fighting       | |  2.1
Dodging        | |  1.4
Stealth        | |  0.4

Action                   || total
-------------------------++-------
Melee: Shortbow          ||    25
       Kick              ||     4
 Fire: Shortbow          ||    60
Armor: Leather armour    ||    44
Dodge: Dodged            ||    54

Table legend:
 A = Non-vault XP
 B = Vault XP
 C = Vault XP percentage of total XP
 D = Non-vault monster count
 E = Vault monster count
 F = Vault count percentage of total count
                 A         B        C        D         E       F
            +---------+---------+-------+---------+---------+-------
      Total |      34 |       0 |   0.0 |      21 |       0 |   0.0
            +---------+---------+-------+---------+---------+-------
        D:1 |      28 |       0 |   0.0 |      17 |       0 |   0.0
        D:2 |       6 |       0 |   0.0 |       4 |       0 |   0.0
            +---------+---------+-------+---------+---------+-------
